Selects Australian Defense Battlegroup
Selects Australian Light Infantry Section
Australian Light Infantry Section
Construct Section Command Post
Construct Section Command Post
Australian Light Infantry Section
Australian Light Infantry Section
Construct Platoon Command Post
Selects Defensive Tactics
Construct Field Infirmary
Australian Light Infantry Section
6-pounder Anti-tank Gun Team
Construct Company Command Post
Selects CMP 15cwt Supply Run
Selects Reinforced Resource Caches
Selects Charged Creeping Barrage